 Dungeon Crawl Stone Soup version 0.25.1-1-g288607f (webtiles) character file.

Game seed: 23718876929246153

15833 Ayyar the Cleaver (level 12, -8/108 HPs)
             Began as a Minotaur Berserker on July 22, 2020.
             Was a High Priest of Trog.
             Mangled by a death yak (10 damage)
             ... on level 13 of the Dungeon.
             The game lasted 00:52:33 (13476 turns).

Ayyar the Cleaver (Minotaur Berserker)             Turns: 13476, Time: 00:52:38

Health: -8/108     AC: 22    Str: 29    XL:     12   Next: 4%
Magic:  11/11      EV: 13    Int:  4    God:    Trog [*****.]
Gold:   226        SH:  5    Dex: 11    Spells: 11/11 levels left

rFire    . . .     SeeInvis .   V - +5 war axe (vamp)
rCold    . . .     Gourm    .   m - +0 buckler
rNeg     . . .     Faith    .   E - +3 chain mail {rPois}
rPois    +         Spirit   .   (helmet restricted)
rElec    .         Reflect  .   (no cloak)
rCorr    .         Harm     .   R - +2 pair of gloves {Str+3}
MR       .....                  (no boots)
Stlth    ..........             (no amulet)
HPRegen  0.28/turn              v - +4 ring of slaying
MPRegen  0.12/turn              M - +4 ring of protection

@: studying Shields
A: retaliatory headbutt, horns 2
a: Berserk, Trog's Hand, Brothers in Arms, Renounce Religion


You were on level 13 of the Dungeon.
You worshipped Trog.
Trog was extremely pleased with you.
You were not hungry.

You visited 2 branches of the dungeon, and saw 12 of its levels.
You also visited: Sewer and Bailey.

You collected 752 gold pieces.
You spent 526 gold pieces at shops.

Inventory:

Hand Weapons
 a - the +0 hunting sling "Beetle's Foe" {flame, rElec rPois Dex-2}
   (You found it on level 9 of the Dungeon)

   It causes projectiles fired from it to burn those they strike, causing extra
   injury to most foes and up to half again as much damage against particularly
   susceptible opponents.
   It affects your dexterity (-2).
   It insulates you from electricity.
   It protects you from poison.
 b - a +2 broad axe
 F - a +2 hand axe of flaming
 V - a +5 vampiric war axe (weapon)
Missiles
 T - 36 stones (quivered)
Armour
 m - a +0 buckler (worn)
 E - a +3 chain mail of poison resistance (worn)
 G - the cursed +1 plate armour "Zuaste Caate" {rElec Int-3 Dex+2}
   (You found it on level 7 of the Dungeon)

   It affects your intelligence (-3).
   It affects your dexterity (+2).
   It insulates you from electricity.
   It has a curse placed upon it.
 I - a scarf of harm
 R - a +2 pair of gloves of strength (worn)
Jewellery
 u - an uncursed ring of protection from magic
 v - a +4 ring of slaying (left hand)
 y - a +6 ring of strength
 M - a +4 ring of protection (right hand)
Wands
 f - a wand of paralysis (10)
 x - a wand of random effects (8)
 z - a wand of digging (11)
 O - a wand of acid (8)
Scrolls
 e - 2 scrolls of random uselessness {unknown}
 h - a scroll of identify
 j - 2 scrolls of blinking
 l - 4 scrolls of amnesia {unknown}
 n - a scroll of enchant weapon {unknown}
 p - 2 scrolls of remove curse
 q - 7 scrolls of enchant armour
 r - 5 scrolls of teleportation
 s - a scroll of magic mapping {unknown}
 w - 2 scrolls of immolation
 P - a scroll of fog {unknown}
 U - a scroll of vulnerability {unknown}
Potions
 d - 6 potions of curing
 g - a potion of heal wounds {unknown}
 i - 3 potions of might
 A - a potion of degeneration {unknown}
 B - a potion of cancellation
 C - 3 potions of lignification
 D - 2 potions of haste
 H - a potion of magic {unknown}
 J - 3 potions of berserk rage
 K - 3 potions of flight
 L - a potion of mutation {unknown}
 N - a potion of invisibility {unknown}
 Q - 2 potions of resistance {unknown}
 S - a potion of brilliance {unknown}
Books
 o - a manual of Shields
Comestibles
 c - 12 rations
 t - 8 chunks of flesh


   Skills:
 + Level 10.7 Fighting
 + Level 11.2 Axes
 - Level 8.0 Throwing
 + Level 11.0 Armour
 + Level 9.5 Dodging
 - Level 0.3 Stealth
 + Level 8.1 Shields


You had 11 spell levels left.
You didn't know any spells.
Your spell library was empty.

Dungeon Overview and Level Annotations

Branches:
Dungeon (10/15)            Temple (1/1) D:6            Lair (0/6) D:10
    Orc (0/2) D:10          Sewer (visited)          Bailey (visited)

Altars:
Elyvilon
Wu Jian
Yredelemnul
Zin
The Shining One

Shops:
D:5 [[


Innate Abilities, Weirdness & Mutations

You reflexively headbutt those who attack you in melee.
You have a pair of horns on your head.


Message History

It was a potion of haste.
You feel yourself speed up.
The death yak gores you but does no damage.
The death yak gores you!
* * * LOW HITPOINT WARNING * * *
You block the water elemental's attack.
You barely miss the death yak. You headbutt the death yak.
The death yak is moderately wounded.
You hit the death yak. You slash the water elemental! The death yak gores you.
* * * LOW HITPOINT WARNING * * *
The yaktaur shoots a bolt.
The bolt hits you.
* * * LOW HITPOINT WARNING * * *
The death yak misses you.
It was a potion of cancellation.
Your magical effects are unravelling.
You feel magically purged.
You feel yourself slow down. The water elemental closely misses you.
You furiously retaliate!
You headbutt the water elemental, but do no damage.
The death yak gores you!
You die...

.. ≈≈. ≈≈..
≈≈..###########
≈≈≈.[.........#
.c≈≈≈.c.......#
#..Y.......#
#..Y@.(....#
#..E†......#
........≈≈≈≈≈≈#
......≈≈≈.....#
≈.(.≈≈≈.......#
≈≈≈≈≈.....(...#
..............#
..............#
............#


You could see 2 death yaks, 2 yaktaurs and a water elemental.

Vanquished Creatures
  Josephine (D:10)
  A centaur warrior (D:9)
  A hydra (D:13)
  A catoblepas (D:10)
  A two-headed ogre (D:9)
  An orc knight (Bailey)
  A troll (D:10)
  A hornet (D:9)
  3 hippogriffs
  A shadow (D:10)
  A human (D:10)
  4 wraiths (D:10)
  10 yaks
  2 hogs (D:10)
  A hungry ghost (D:7)
  4 porcupines (D:10)
  3 ice beasts
  21 orc warriors
  5 black bears
  4 ogres
  A necrophage (D:9)
  A sky beast (D:5)
  7 centaurs
  2 crocodiles (D:9)
  9 bullfrogs
  A big kobold (D:10)
  A gnoll sergeant (D:9)
  A water moccasin zombie (D:5)
  4 scorpions
  3 wights (D:8)
  13 killer bees
  8 howler monkeys
  8 crimson imps
  A quasit (D:9)
  9 hounds
  7 orc priests
  3 centaur skeletons
  8 jellies
  8 orc wizards
  A bullfrog skeleton (D:5)
  An iguana (D:5)
  5 worker ants
  A hound zombie (D:9)
  12 gnolls
  2 worker ant zombies
  18 adders
  2 shadow imps
  10 oozes
  2 adder skeletons
  3 dart slugs
  3 worms
  12 leopard geckos
  36 orcs
  15 giant cockroaches
  7 goblins
  7 hobgoblins
  10 jackals
  4 quokkas
  5 ball pythons
  9 bats
  8 frilled lizards
  19 kobolds
  2 quokka skeletons (D:4)
  11 rats
  2 fungi
369 creatures vanquished.

Vanquished Creatures (collateral kills)
  A big kobold (D:10)
  2 worker ants (D:10)
3 creatures vanquished.

Vanquished Creatures (others)
  5 fungi
  2 plants (D:10)
  9 toadstools (D:4)
16 creatures vanquished.

Grand Total: 388 creatures vanquished

Notes
Turn   | Place    | Note
-------+----------+-------------------------------------------
     0 | D:1      | Ayyar the Minotaur Berserker began the quest for the Orb.
     0 | D:1      | Reached XP level 1. HP: 19/19 MP: 0/0
   335 | D:1      | Reached XP level 2. HP: 21/27 MP: 1/1
   831 | D:2      | Reached XP level 3. HP: 27/33 MP: 2/2
   843 | D:2      | HP: 1/49 [worm (3)]
  1228 | D:2      | Reached XP level 4. HP: 38/40 MP: 3/3
  1379 | D:2      | Reached ** piety under Trog
  1394 | D:2      | Found a glowing golden altar of the Shining One.
  1583 | D:2      | Reached skill level 5 in Axes
  1973 | D:3      | Found a glowing drain.
  2003 | Sewer    | Entered a sewer
  2335 | Sewer    | Reached XP level 5. HP: 46/46 MP: 4/4
  2982 | D:3      | Reached *** piety under Trog
  3030 | D:3      | Reached skill level 5 in Armour
  3134 | D:3      | Noticed an orc warrior
  3141 | D:3      | Killed an orc warrior
  3141 | D:3      | Reached XP level 6. HP: 53/53 MP: 5/5
  3865 | D:4      | Reached skill level 5 in Fighting
  3865 | D:4      | Reached XP level 7. HP: 37/61 MP: 6/6
  3866 | D:4      | Reached skill level 1 in Throwing
  4242 | D:4      | Reached **** piety under Trog
  4716 | D:5      | Entered Level 5 of the Dungeon
  4789 | D:5      | Reached XP level 8. HP: 68/70 MP: 7/7
  4834 | D:5      | Found Ihalan Mae's Antique Armour Boutique.
  4848 | D:5      | Bought a glowing chain mail for 225 gold pieces
  4983 | D:5      | Reached skill level 5 in Dodging
  5329 | D:5      | Found Ceyd's Armour Boutique.
  5401 | D:5      | Found a basalt altar of Yredelemnul.
  5539 | D:6      | Found a staircase to the Ecumenical Temple.
  6114 | D:6      | Reached XP level 9. HP: 79/79 MP: 8/8
  6284 | Temple   | Entered the Ecumenical Temple
  6353 | D:7      | Reached ***** piety under Trog
  6527 | D:7      | Got a bronze plate armour
  6535 | D:7      | Identified the cursed +1 plate armour "Zuaste Caate" {rElec
                  | Int-3 Dex+2} (You found it on level 7 of the Dungeon)
  7356 | D:8      | Reached skill level 5 in Throwing
  8022 | D:8      | Reached XP level 10. HP: 81/89 MP: 9/9
  8305 | D:9      | Found a flagged portal.
  8310 | D:9      | Found a glowing silver altar of Zin.
  8375 | Bailey   | Entered a bailey
  8989 | Bailey   | HP: 4/90 [orc warrior/bolt (13)]
 10507 | Bailey   | Noticed an orc knight
 10516 | Bailey   | Killed an orc knight
 11151 | D:5      | Bought a +2 pair of gloves of strength for 301 gold pieces
 11369 | D:9      | Reached skill level 1 in Shields
 11423 | D:9      | Noticed a centaur warrior
 11437 | D:9      | Killed a centaur warrior
 11437 | D:9      | Reached skill level 10 in Axes
 11467 | D:9      | Got a masterwork hunting sling
 11600 | D:9      | Identified the cursed +0 hunting sling "Beetle's Foe"
                  | {flame, rElec rPois Dex-2} (You found it on level 9 of the
                  | Dungeon)
 11798 | D:9      | Noticed a two-headed ogre
 11809 | D:9      | Killed a two-headed ogre
 11809 | D:9      | Reached skill level 10 in Armour
 11809 | D:9      | Reached XP level 11. HP: 97/97 MP: 10/10
 12269 | D:10     | Entered Level 10 of the Dungeon
 12281 | D:10     | Reached skill level 5 in Shields
 12375 | D:10     | Noticed a catoblepas
 12388 | D:10     | Killed a catoblepas
 12399 | D:10     | Reached skill level 10 in Fighting
 12656 | D:10     | Noticed Josephine
 12671 | D:10     | Killed Josephine
 12743 | D:10     | Received a gift from Trog
 13234 | D:10     | Found a staircase to the Orcish Mines.
 13257 | D:10     | Found a staircase to the Lair.
 13455 | D:10     | You fall into a shaft and drop 3 floors!
 13456 | D:13     | Noticed a seven-headed hydra
 13460 | D:13     | Noticed a death yak
 13462 | D:13     | Noticed a death yak
 13467 | D:13     | Killed a three-headed hydra
 13467 | D:13     | Reached XP level 12. HP: 66/108 MP: 11/11
 13475 | D:13     | HP: 3/108 [death yak (5)]
 13476 | D:13     | Mangled by a death yak

Illustrated notes

Levels and vault maps discovered:
D:1:      sevenhm_arrival_forest_fort_large_1, layout_basic
D:2:      layout_basic, minmay_misc_feat_enclosed, lemuel_altar_in_water
D:3:      minmay_bubble_buster, layout_basic, gup_sewer_entry_bowl
D:4:      cheibrodos_fertilizer, layout_basic, first_ration
D:5:      minmay_evil_eye, layout_rooms, nicolae_overflow_hidden_temple,
          serial_shops, kennysheep_little_box, shop
D:6:      layout_basic, minmay_temple_entry_arrows
D:7:      black_bear_nest_1, layout_gridville
D:8:      minmay_general_purpose_star, layout_basic,
          chequers_serial_rivers_marsh
D:9:      minmay_bloctagon, layout_irregular_city, basic_altar, enter_bailey_2
D:10:     layout_grid_maze, grunt_lair_entry_orc_guard_hut, orc_0_dummy,
          grunt_livestock, glass_columns_a, minmay_bent, uniq_josephine
D:13:     fort_yaktaur, layout_cross, uniq_erolcha, uniq_rupert
Temple:   grunt_wide_crystal_templ

Skill      XL: |  1  2  3  4  5  6  7  8  9 10 11 |
---------------+----------------------------------+-----
Axes           | 4 5 6 7 9 10 11 | 11.2
Fighting       | 4 5 7 8 9 10 | 10.7
Armour         | 3 4 5 6 7 8 10 11 | 11.0
Dodging        | 3 4 5 7 8 9 |  9.5
Throwing       | 2 4 5 6 8 |  8.0
Shields        | 4 8 |  8.1
Stealth        | |  0.3

Action                   |  1- 3 |  4- 6 |  7- 9 | 10-12 || total
-------------------------+-------+-------+-------+-------++-------
Melee: Hand axe          |    57 |   167 |   247 |   229 ||   700
       Headbutt          |    10 |    30 |    43 |    65 ||   148
       Broad axe         |       |       |       |    55 ||    55
       War axe           |       |       |       |    22 ||    22
 Fire: Arbalest          |       |       |       |    47 ||    47
       Hunting sling     |       |       |       |     4 ||     4
Throw: Javelin           |       |       |       |     3 ||     3
       Dart              |       |       |       |     2 ||     2
Invok: Berserk           |     1 |     2 |       |     2 ||     5
       Trog's Hand       |       |     2 |       |     1 ||     3
       Brothers in Arms  |       |       |       |     1 ||     1
Evoke: Wand              |       |       |       |     9 ||     9
  Use: Scroll            |       |     1 |     9 |     8 ||    18
       Potion            |       |       |       |     3 ||     3
 Stab: Paralysed         |       |       |       |     4 ||     4
  Eat: Chunk             |     1 |     8 |    16 |    10 ||    35
       Ration            |       |     1 |       |     3 ||     4
Armor: Animal skin       |     3 |       |       |       ||     3
       Ring mail         |    14 |    59 |       |       ||    73
       Scale mail        |       |     8 |    27 |       ||    35
       Chain mail        |       |       |    89 |   198 ||   287
Dodge: Dodged            |    33 |   110 |   117 |   202 ||   462
Block: Buckler           |       |       |       |    69 ||    69
